 Dungeon Crawl Stone Soup version 0.29.1-2-gbd0b4ee654 (webtiles) character file.

Game seed: 17674214093072139715

86 GorkyZ the Shield-Bearer (level 4, -2/35 (37) HPs)
             Began as a Formicid Fighter on Nov 21, 2022.
             Slain by Crazy Yiuf
             ... wielding a +3 quarterstaff of chaos
              (5 damage)
             ... on level 2 of the Dungeon.
             The game lasted 00:04:13 (1889 turns).

GorkyZ the Shield-Bearer (Formicid Fighter)         Turns: 1889, Time: 00:04:13

HP:   -2/35 (37)    AC:  6    Str: 23    XL:     4   Next: 78%
MP:   4/4           EV: 14    Int:  7    God:
Gold: 111           SH:  5    Dex: 13    Spells: 3/3 levels left

rFire   . . .      SeeInvis +   a - +0 trident
rCold   . . .      Faith    .   c - +0 buckler
rNeg    . . .      Spirit   .   b - +0 scale mail
rPois   .          Reflect  .   (helmet unavailable)
rElec   .          Harm     .   (no cloak)
rCorr   .          Rampage  .   (no gloves)
Will    .....                   (no boots)
Stlth   ..........              (no amulet)
HPRegen 0.11/turn               h - +4 ring of evasion
MPRegen 0.09/turn               (no ring)

@: lethally poisoned (-2 -> -13), drained, invisible
A: permanent stasis, dig shafts and tunnels, antennae 3, four strong arms
a: Dig, Shaft Self


You were on level 2 of the Dungeon.
You visited 1 branch of the dungeon, and saw 2 of its levels.

You collected 111 gold pieces.

Inventory:

Hand Weapons
 a - a +0 trident (weapon)
 k - a +0 hand axe
Armour
 b - a +0 scale mail (worn)
 c - a +0 buckler (worn)
Jewellery
 h - a +4 ring of evasion (left hand)
Scrolls
 g - 2 scrolls of identify {unknown}
 i - a scroll of magic mapping {unknown}
 j - a scroll of butterflies {unknown}
Potions
 d - 2 potions of might
 e - a potion of mutation {unknown}
 f - 2 potions of curing


   Skills:
 + Level 3.6 Fighting
 + Level 2.7 Polearms
 + Level 1.1 Throwing
 + Level 3.6 Armour
 + Level 1.0 Dodging
 + Level 4.5 Shields
 + Level 1.2 Evocations


You had 3 spell levels left.
You didn't know any spells.
Your spell library contained the following spells:

 Spells                   Type           Power      Damage    Failure   Level
 Sublimation of Blood     Necr           0%         N/A       91%         2
 Wereblood                Tmut           0%         N/A       91%         2
 Dazzling Flash           Conj/Hex       0%         N/A       99%         3
 Stone Arrow              Conj/Erth      0%         3d7       99%         3
 Animate Armour           Summ/Erth      0%         N/A       100%        4
 Iskenderun's Mystic Bla  Conj/Tloc      0%         2d3       100%        4
 Starburst                Conj/Fire      0%         6d3       100%        6
 Summon Hydra             Summ           0%         N/A       100%        7
 Lehudib's Crystal Spear  Conj/Erth      0%         10d2      100%        8


Dungeon Overview and Level Annotations

Branches:
Dungeon (2/15)

Altars:
Hepliaklqana

Annotations:
D:2 Crazy Yiuf


Innate Abilities, Weirdness & Mutations

You cannot be hasted, slowed, berserked, paralysed or teleported.
You can dig through walls and to a lower floor.
You have a pair of large antennae on your head. (SInv)
Your four strong arms can wield two-handed weapons with a shield.


Message History

Crazy Yiuf shouts!
You see here a +0 hammer.
You see here a +0 hammer.
Found a hammer.
Could not explore, unopened runed door.
Could not explore, unopened runed door.
You see here a +0 hammer.
You see here a +0 hammer.
Crazy Yiuf grits, "Powder!"
You open the door.
Crazy Yiuf laughs, "Pitchfork ena shoe!"
You hit Crazy Yiuf.
Crazy Yiuf is lightly wounded.
Crazy Yiuf hits you with a +3 quarterstaff of chaos!
You fade into invisibility!
You barely miss Crazy Yiuf.
Crazy Yiuf is lightly wounded.
Crazy Yiuf whimpers, "Scoff!"
Crazy Yiuf completely misses you.
You barely miss Crazy Yiuf.
Crazy Yiuf is lightly wounded.
Crazy Yiuf hits you with a +3 quarterstaff of chaos!
You feel drained.
You are too injured to fight recklessly!
You are too injured to fight recklessly!
You are too injured to fight recklessly!
You hit Crazy Yiuf.
Crazy Yiuf is lightly wounded.
Crazy Yiuf barely misses you.
You hit Crazy Yiuf.
Crazy Yiuf is moderately wounded.
Crazy Yiuf hits you with a +3 quarterstaff of chaos!
* * * LOW HITPOINT WARNING * * *
You are lethally poisoned!
You hit Crazy Yiuf.
Crazy Yiuf is moderately wounded.
* * * LOW HITPOINT WARNING * * *
You feel very sick.
Crazy Yiuf hits you with a +3 quarterstaff of chaos.
You die...

#...#
#.....##
####.##
#####
#####..#
#...... #.##
#.##.##
##### #.#
#.#...#
#..)# #.#
#..#.#.
#)))# #.#
#.#...# .))
#.# #.##.##
#g#
#.####......
##@#
#...<...>.##
#)##
#####.....##
##)#
######..
#.## #...
##)## ###...
#)#.##
#.....
#PP.P#
###.....
#....#
#.......
##..##
#.##....


You could see Crazy Yiuf (unable to see you).

Vanquished Creatures
  2 adders (D:2)
  A worm (D:2)
  A dart slug (D:2)
  5 orcs (D:2)
  9 endoplasms
  3 giant cockroaches (D:1)
  7 goblins
  3 hobgoblins
  6 jackals
  2 ball pythons
  3 bats
  A frilled lizard (D:1)
  8 kobolds
  A rat (D:2)
52 creatures vanquished.

Vanquished Creatures (others)
  2 fungi (D:2)
2 creatures vanquished.

Grand Total: 54 creatures vanquished

Notes
Turn   | Place    | Note
-------+----------+-------------------------------------------
     0 | D:1      | GorkyZ the Formicid Fighter began the quest for the Orb.
     0 | D:1      | Reached XP level 1. HP: 18/18 MP: 1/1
   160 | D:1      | Reached XP level 2. HP: 24/24 MP: 2/2
   495 | D:1      | Reached XP level 3. HP: 26/29 MP: 3/3
   627 | D:1      | Found a faded altar of an unknown god.
   916 | D:2      | Found a hazy altar of Hepliaklqana.
   988 | D:2      | Reached skill level 1 in Evocations
  1091 | D:2      | Reached XP level 4. HP: 36/36 MP: 4/4
  1179 | D:2      | Reached skill level 1 in Throwing
  1379 | D:2      | Identified the +2 robe of the Stallion {rF- Dex+5}
  1399 | D:2      | Reached skill level 1 in Dodging
  1875 | D:2      | Found a runed translucent door.
  1876 | D:2      | Noticed Crazy Yiuf
  1889 | D:2      | Slain by Crazy Yiuf

Illustrated notes

Levels and vault maps discovered:
D:1:      dpeg_arrival_prison, layout_loops_ring,
          hellmonk_ecumenical_altar_inner_sanctum, minmay_tetromino_i4
D:2:      layout_loops_cross, basic_altar, uniq_crazy_yiuf_cottage

Skill      XL: |  1  2  3  4 |
---------------+-------------+-----
Evocations     | 1 |  1.2
Throwing       | 1 |  1.1
Dodging        | 1 |  1.0
Fighting       | |  3.6
Polearms       | |  2.7
Armour         | |  3.6
Shields        | |  4.5

Action                   |  1- 3 |  4- 6 || total
-------------------------+-------+-------++-------
Melee: Trident           |    78 |    72 ||   150
Armor: Scale mail        |    17 |    17 ||    34
Dodge: Dodged            |    15 |    46 ||    61
Block: Buckler           |    17 |    17 ||    34
